 Dungeon Crawl Stone Soup version 0.26.1-11-gd32895ea62 (webtiles) character file.

Game seed: 15694227782999796254

13 kodamatunes15 the Magician (level 2, -3/17 HPs)
             Began as an Octopode Hedge Wizard on May 2, 2021.
             Slain by a leopard gecko (4 damage)
             ... on level 1 of the Dungeon.
             The game lasted 00:02:23 (208 turns).

kodamatunes15 the Magician (Octopode Hedge Wizard)   Turns: 208, Time: 00:02:24

Health: -3/17      AC:  1    Str:  9    XL:     2   Next: 37%
Magic:  6/6        EV: 13    Int: 16    God:
Gold:   41         SH:  0    Dex: 11    Spells: 6/7 levels left

rFire    . . .     SeeInvis .   a - +1 dagger
rCold    . . .     Faith    .   (no shield)
rNeg     . . .     Spirit   .   b - +0 hat
rPois    .         Reflect  .   f - amulet of the acrobat
rElec    .         Harm     .   (no ring)
rCorr    .         Rampage  .   (no ring)
Will     .....                  (no ring)
Stlth    +++.......             (no ring)
HPRegen  0.05/turn              (no ring)
MPRegen  0.10/turn              (no ring)
                                (no ring)
                                (no ring)

@: no status effects
A: almost no armour, stealthy swim, amphibious, 8 rings, constrict 8, camouflage
1, gelatinous body 1
a: no special abilities


You were on level 1 of the Dungeon.
You visited 1 branch of the dungeon, and saw 1 of its levels.

You collected 41 gold pieces.

Inventory:

Hand Weapons
 a - a +1 dagger (weapon)
Armour
 b - a +0 hat (worn)
 h - a +0 cloak
Jewellery
 f - an amulet of the acrobat (around mantle)
Scrolls
 d - a scroll of enchant weapon
 e - a scroll of random uselessness {unknown}
Potions
 c - a potion of ambrosia {unknown}
 g - a potion of might {unknown}


   Skills:
 + Level 0.1 Short Blades
 + Level 2.2 Dodging
 + Level 2.6 Stealth
 + Level 3.4 Spellcasting
 + Level 1.1 Conjurations
 + Level 1.0 Summonings
 + Level 1.0 Translocations


You had 6 spell levels left.
You knew the following spells:

 Your Spells              Type           Power        Failure   Level
a - Magic Dart            Conj           24%          12%         1

Your spell library contained the following spells:

 Spells                   Type           Power        Failure   Level
 Blink                    Tloc           N/A          19%         2
 Call Imp                 Summ           5%           19%         2
 Slow                     Hex            2%           26%         2
 Conjure Flame            Conj/Fire      4%           41%         3
 Mephitic Cloud           Conj/Pois/Air  3%           43%         3


Dungeon Overview and Level Annotations

Branches:
Dungeon (1/15)

Altars:


Innate Abilities, Weirdness & Mutations

You cannot wear most types of armour.
You are very stealthy in the water. (Stealth+)
You are amphibious.
You can wear up to eight rings at the same time.
You can use your tentacles to constrict eight enemies at once.
Your skin changes colour to match your surroundings (Stealth+).
Your rubbery body absorbs attacks. (AC +1, EV +1)


Message History

* * * LOW HITPOINT WARNING * * *
The leopard gecko misses you. The dart slug closely misses you.
You release your grip on the dart slug.
The bat misses you.
The leopard gecko completely misses you.
The bat completely misses you. The bat barely misses you.
The leopard gecko completely misses you.
The bat hits you but does no damage. The leopard gecko bites you.
* * * LOW HITPOINT WARNING * * *
The bat completely misses you. x2
You see here a scroll of identify.
You hit the bat.
You kill the bat!
The bat hits you but does no damage. The leopard gecko closely misses you.
You hit the leopard gecko. Your grab misses the leopard gecko.
The leopard gecko is moderately wounded.
The bat hits you.
* * * LOW HITPOINT WARNING * * *
The leopard gecko bites you.
You die...

##############
##....@##.....##
##....lwb.......##
#................#
#................#
#.....$..........#
#................###
#.......$...........
#................#
##..............##


You could see a dart slug, a leopard gecko and a bat.

Vanquished Creatures
  An ooze (D:1)
  A dart slug (D:1)
  A leopard gecko (D:1)
  A giant cockroach (D:1)
  A hobgoblin (D:1)
  A bat (D:1)
6 creatures vanquished.

Notes
Turn   | Place    | Note
-------+----------+-------------------------------------------
     0 | D:1      | kodamatunes15 the Octopode Hedge Wizard began the quest for
                  | the Orb.
     0 | D:1      | Reached XP level 1. HP: 11/11 MP: 4/4
    69 | D:1      | Reached XP level 2. HP: 10/17 MP: 6/6
   208 | D:1      | Slain by a leopard gecko

Illustrated notes

Levels and vault maps discovered:
D:1:      minmay_arrival_five_plusses, layout_rooms

Action                   || total
-------------------------++-------
Melee: Dagger            ||    20
       Constrict         ||     5
       Tentacles         ||     3
  Use: Scroll            ||     3
Armor: Skin              ||     5
Dodge: Dodged            ||    27
